 Dungeon Crawl Stone Soup version 0.17-a0-2127-g1cb09f6 (webtiles) character file.

209 Ijustatesigmund the Sneak (level 5, -5/31 HPs)
             Began as an Octopode Wizard on Oct 22, 2015.
             Killed by divine providence
             ... invoked by an orc priest
              (14 damage)
             ... on level 3 of the Dungeon.
             The game lasted 00:14:24 (4195 turns).

Ijustatesigmund the Sneak (Octopode Wizard)         Turns: 4195, Time: 00:14:25

Health: -5/31      AC:  1    Str:  6      XL:     5   Next: 87%
Magic:  4/9        EV: 12    Int: 21      God:
Gold:   155        SH:  0    Dex:  8 (11) Spells: 4 memorised, 2 levels left

rFire  . . .     SeeInvis .     j - +0 short sword
rCold  + . .     Clarity  .     (no shield)
rNeg   . . .     SustAt   .     a - +0 hat
rPois  .         Gourm    .     (no amulet)
rElec  .         Spirit   .     i - ring of protection from cold
rCorr  .         Warding  .     (no ring)
rMut   .         Stasis   .     (no ring)
MR     .....                    (no ring)
Stlth  +++.......               (no ring)
                                (no ring)
                                (no ring)
                                (no ring)

@: repel missiles, not resistant to hostile enchantments, fairly stealthy
A: almost no armour, amphibious, 8 rings, constrict 8, camouflage 1, gelatinous
body 1
a: no special abilities


You were on level 3 of the Dungeon.
You were hungry.

You visited 1 branch of the dungeon, and saw 3 of its levels.

You collected 155 gold pieces.

Inventory:

Hand Weapons
 g - a +0 dagger
 j - a +0 short sword (weapon)
 m - a +0 hunting sling of velocity
Missiles
 h - 3 tomahawks (quivered)
 o - 16 sling bullets
Armour
 a - a +0 hat (worn)
Jewellery
 i - a ring of protection from cold (left tentacle)
Wands
 r - a wand of paralysis (18)
Scrolls
 f - 3 scrolls of remove curse
 s - a scroll of amnesia
Potions
 d - a potion of agility
 e - a potion of curing
 l - a potion of might
 p - a potion of magic {unknown}
Books
 b - a book of Minor Magic

   Spells                             Type                      Level
   a - Magic Dart                     Conjuration                  1
   b - Blink                          Translocation                2
   c - Call Imp                       Summoning                    2
   d - Repel Missiles                 Charms/Air                   2
   e - Slow                           Hexes                        2
   f - Conjure Flame                  Conjuration/Fire             3
   g - Mephitic Cloud                 Conjuration/Poison/Air       3
Comestibles
 c - a bread ration
 k - 2 meat rations
 n - 5 fruits


   Skills:
 - Level 1.0 Short Blades
 - Level 2.0 Dodging
 - Level 4.0 Stealth
 - Level 3.0 Spellcasting
 + Level 3.6 Conjurations
   Level 1.0 Summonings
 + Level 2.5 Translocations
 + Level 1.4 Air Magic
 + Level 1.3 Poison Magic


You had 2 spell levels left.
You knew the following spells:

 Your Spells              Type           Power        Failure   Level  Hunger
a - Magic Dart            Conj           ###.         3%          1    None
b - Blink                 Tloc           N/A          10%         2    ##.....
c - Repel Missiles        Chrm/Air       #.....       17%         2    ##.....
d - Mephitic Cloud        Conj/Pois/Air  ##......     21%         3    ###....


Dungeon Overview and Level Annotations

Branches:
Dungeon (3/15)

Altars:
Fedhas


Innate Abilities, Weirdness & Mutations

You cannot wear most types of armour.
You are amphibious.
You can wear up to eight rings at the same time.
You can use your tentacles to constrict eight enemies at once.
Your skin changes colour to match your surroundings (Stealth).
Your rubbery body absorbs attacks (AC +1).


Message History

The orc priest closely misses you.
You hit the orc priest. Your grab misses the orc priest.
The orc priest is severely wounded.
The orc priest hits you with a hand axe!
* * * LOW HITPOINT WARNING * * *
You barely miss the orc priest. Your grab misses the orc priest.
The orc priest is severely wounded.
The orc priest hits you but does no damage.
Drink which item? (? for menu, Esc to quit)
You feel better.
The orc priest invokes the aid of Beogh against you.
Pain shoots through your body!
* * * LOW HITPOINT WARNING * * *
You hit the orc priest but do no damage.
You grab the orc priest.
The orc priest is severely wounded.
You constrict the orc priest.
The orc priest invokes the aid of Beogh against you.
Something smites you!
You die...

#....###...........>..#...
##..###...........(..##...
#####....................
#...........)..###...
#....................
##.............###.#.
###.......#.######.#.
#.........#.##.......
####.##@#....#.##.......
##....##o#.(.............
#...####.#...#.#.####...)
#...####.##.##....# #..<.
#........##.###.#.# #....
#...##..##...##...###....
#...#...........#...#####
#...#.#.........#.#.##...
##.##.#.....(...#.#......


You could see an orc priest.

Vanquished Creatures
  An orc wizard (D:3)
  Robin (D:3)
  2 gnolls (D:3)
  4 adders
  An ooze (D:1)
  2 worms (D:2)
  4 giant geckos
  5 orcs (D:3)
  4 ball pythons
  11 bats
  3 giant cockroaches
  12 hobgoblins
  7 jackals
  6 giant newts
  17 goblins
  8 kobolds
  A quokka (D:2)
  5 rats
94 creatures vanquished.

Notes
Turn   | Place    | Note
--------------------------------------------------------------
     0 | D:1      | Ijustatesigmund the Octopode Wizard began the quest for the Orb.
     0 | D:1      | Reached XP level 1. HP: 11/11 MP: 4/4
   306 | D:1      | Reached XP level 2. HP: 17/17 MP: 0/6
   310 | D:1      | Learned a level 2 spell: Blink
   313 | D:1      | Learned a level 2 spell: Repel Missiles
   762 | D:1      | Reached XP level 3. HP: 18/21 MP: 0/7
  1514 | D:2      | Learned a level 3 spell: Mephitic Cloud
  1552 | D:2      | Reached XP level 4. HP: 24/27 MP: 1/8
  1816 | D:2      | Found a blossoming altar of Fedhas.
  2778 | D:3      | Reached skill level 1 in Short Blades
  2778 | D:3      | Reached skill level 4 in Stealth
  2778 | D:3      | Reached XP level 5. HP: 31/31 MP: 4/9
  2969 | D:3      | Noticed Robin
  3237 | D:3      | Killed Robin
  3238 | D:3      | Reached skill level 1 in Air Magic
  3880 | D:3      | Reached skill level 1 in Poison Magic
  4195 | D:3      | Killed from afar by an orc priest

Vault maps used:
D:1:      ncdulo_watergridlock
D:2:      lemuel_round_altar
D:3:      uniq_robin

Action                   |  1- 3 |  4- 6 || total
-------------------------+-------+-------++-------
Melee: Unarmed           |     1 |       ||     1
       Dagger            |     2 |       ||     2
       Short sword       |    10 |    48 ||    58
Throw: Tomahawk          |       |     2 ||     2
 Cast: Magic Dart        |    74 |   140 ||   214
       Repel Missiles    |     1 |       ||     1
       Mephitic Cloud    |       |     1 ||     1
  Use: Scroll            |     3 |     2 ||     5
       Potion            |       |     4 ||     4
  Eat: Chunk             |     2 |     5 ||     7
       Pizza             |       |     1 ||     1
       Fruit             |       |     1 ||     1
